 Dungeon Crawl Stone Soup version 0.20.1-1-g8b1a95d (webtiles) character file.

356 Gargoyl the Skirmisher (level 6, -1/56 HPs)
             Began as a Minotaur Abyssal Knight on Sept 15, 2017.
             Was a Believer of Lugonu.
             Killed by nerve-wracking pain
             ... invoked by an orc priest
              (3 damage)
             ... on level 4 of the Dungeon.
             The game lasted 00:04:59 (3775 turns).

Gargoyl the Skirmisher (Minotaur Abyssal Knight)    Turns: 3775, Time: 00:04:59

Health: -1/56      AC:  3    Str: 16    XL:     6   Next: 36%
Magic:  6/7        EV: 11    Int:  9    God:    Lugonu [**....]
Gold:   142        SH:  0    Dex: 12    Spells: 5/5 levels left

rFire    . . .     SeeInvis .   A - +0 war axe
rCold    . . .     Gourm    .   (no shield)
rNeg     . . .     Faith    .   m - +0 scale mail
rPois    .         Spirit   .   (helmet restricted)
rElec    .         Reflect  .   (no cloak)
rCorr    .         Harm     .   (no gloves)
MR       +....                  (no boots)
Stlth    ..........             (no amulet)
Regen    0.2/turn               g - +1 ring of evasion
MPRegen  0.1/turn               y - ring of protection from magic

@: corroded, flying
A: retaliatory headbutt, horns 2
a: Depart the Abyss, Bend Space, Renounce Religion


You were on level 4 of the Dungeon.
You worshipped Lugonu.
Lugonu was pleased with you.
You were not hungry.

You visited 1 branch of the dungeon, and saw 4 of its levels.
You visited the Abyss 1 time.

You collected 142 gold pieces.

Inventory:

Hand Weapons
 a - a +2 hand axe
 A - a +0 war axe (weapon)
Missiles
 v - 4 steel tomahawks (quivered)
Armour
 m - a +0 scale mail (worn)
Jewellery
 g - a +1 ring of evasion (left hand)
 y - a ring of protection from magic (right hand)
Wands
 r - a wand of flame (36/48)
Scrolls
 e - 4 scrolls of identify
 h - 2 scrolls of remove curse
 i - 4 scrolls of teleportation
 n - a scroll of recharging
 t - a scroll of fog
Potions
 b - a potion of cancellation {unknown}
 d - a potion of mutation {unknown}
 j - 2 potions of might {unknown}
 l - 3 potions of curing
 p - 2 potions of agility {unknown}
 s - a potion of heal wounds {unknown}
 w - a potion of invisibility {unknown}
Books
 C - a book of Maledictions

   Spells                             Type                      Level
   a - Corona                         Hexes                        1
   b - Ensorcelled Hibernation        Hexes/Ice                    2
   c - Confuse                        Hexes                        3
   d - Tukima's Dance                 Hexes                        3
   e - Dazzling Spray                 Conjuration/Hexes            3
Comestibles
 c - 3 bread rations
 f - 3 royal jellies
 k - 3 meat rations
 z - 3 fruits
 B - 3 chunks of flesh


   Skills:
 + Level 5.3 Fighting
 + Level 4.7 Axes
 * Level 5.0 Armour
 + Level 1.4 Dodging
 * Level 2.9 Invocations


You had 5 spell levels left.
You didn't know any spells.

Dungeon Overview and Level Annotations

Branches:
Dungeon (4/15)
 Temple: D:4-7

Altars:
Hepliaklqana
Ru
Sif Muna
Trog
Yredelemnul

Annotations:
D:4 letownia's ghost, weakling OpTm


Innate Abilities, Weirdness & Mutations

You reflexively headbutt those who attack you in melee.
You have a pair of horns on your head.


Message History

Unknown command.
It was a potion of flight.
You feel very buoyant.
You fly up into the air.
The jelly hits you but does no damage. Letownia's ghost hits you.
* * * LOW HITPOINT WARNING * * *
The orc wizard hits you but does no damage.
The orc hits you but does no damage.
The orc priest casts a cantrip, but nothing happens.
You feel better. The jelly hits you.
* * * LOW HITPOINT WARNING * * *
You are splashed with acid!
The acid burns!
* * * LOW HITPOINT WARNING * * *
Letownia's ghost misses you. The orc wizard hits you with a dagger.
* * * LOW HITPOINT WARNING * * *
The orc priest barely misses you. The orc closely misses you.
Space bends around you!
You blink.
The orc priest mumbles some strange prayers to Beogh against you.
Pain shoots through your body!
You die...

#######* *#......####
***..........###
**,,............####
*,,,...............##
*,,,.........)...#..#
**,,,.......WoJ....#.##
*,,,,.......@o!o...##.##
*,,,,....<.........###^##
**,,,......)......##
##.## ***,...$........##
##.## *,...........$#
####..##
********,#..##.##...##
#..#...##
,,,,,**,*###*#.,#####
#.......# ,,,,,,,**
*,..*,* #........
,,*,,,,** *,,*,,*
##.......


You could see a jelly, an orc priest, an orc wizard, letownia's ghost and an
orc.

Vanquished Creatures
  The ghost of Vivek the Caller, an amateur DESu (D:3)
  An iron imp (Abyss:1)
  A hound (D:4)
  2 orc priests
  Jessica (D:2)
  A worker ant (D:3)
  A hound skeleton (D:4)
  2 adders
  3 dart slugs
  2 leopard geckos
  7 orcs
  A ball python (D:3)
  2 giant cockroaches
  3 goblins
  10 hobgoblins
  7 jackals
  10 kobolds
  A quokka (D:2)
  7 bats
  4 frilled lizards
  6 rats
  A spectral orc (D:2)
74 creatures vanquished.

Notes
Turn   | Place    | Note
-------+----------+-------------------------------------------
     0 | Abyss:1  | Gargoyl the Minotaur Abyssal Knight began the quest for the Orb.
     0 | Abyss:1  | Reached XP level 1. HP: 19/19 MP: 1/1
     1 | Abyss:1  | Found a corrupted altar of Lugonu.
    57 | Abyss:1  | Noticed an iron imp
    64 | Abyss:1  | Killed an iron imp
    64 | Abyss:1  | Reached XP level 2. HP: 28/28 MP: 2/2
    64 | Abyss:1  | Reached XP level 3. HP: 34/34 MP: 3/3
    74 | Abyss:1  | Noticed a raiju
    77 | D:1      | Escaped the Abyss
   473 | D:1      | Reached * piety under Lugonu
  1517 | D:2      | Found a basalt altar of Yredelemnul.
  1555 | D:2      | Reached XP level 4. HP: 41/41 MP: 4/4
  1582 | D:2      | Noticed Jessica
  1597 | D:2      | Reached ** piety under Lugonu
  1600 | D:2      | Killed Jessica
  2178 | D:2      | Found a faded altar of an unknown god.
  2259 | D:3      | Reached skill level 5 in Fighting
  2294 | D:3      | Noticed Vivek's ghost (amateur DESu)
  2302 | D:3      | Killed Vivek's ghost
  2302 | D:3      | Reached XP level 5. HP: 43/48 MP: 5/5
  2375 | D:3      | Found a bloodstained altar of Trog.
  3196 | D:3      | Found a sacrificial altar of Ru.
  3196 | D:3      | Found a hazy altar of Hepliaklqana.
  3196 | D:3      | Found a deep blue altar of Sif Muna.
  3415 | D:3      | Reached XP level 6. HP: 19/56 MP: 5/7
  3767 | D:4      | Noticed letownia's ghost (weakling OpTm)
  3770 | D:4      | Reached skill level 5 in Armour
  3773 | D:4      | HP: 1/56 [letownia's ghost (3)]
  3775 | D:4      | Killed from afar by an orc priest

Skill      XL: |  1  2  3  4  5  6 |
---------------+-------------------+-----
Fighting       | 4 5 |  5.3
Armour         | 3 4 5 |  5.0
Invocations    | 2 |  2.9
Axes           | 3 4 |  4.7
Dodging        | |  1.4

Action                   |  1- 3 |  4- 6 || total
-------------------------+-------+-------++-------
Melee: Hand axe          |    51 |    84 ||   135
       Headbutt          |     7 |    24 ||    31
       War axe           |       |    35 ||    35
Invok: Depart the Abyss  |     1 |       ||     1
       Bend Space        |       |     1 ||     1
  Use: Scroll            |     3 |     7 ||    10
       Potion            |       |     2 ||     2
  Eat: Chunk             |     2 |     7 ||     9
Armor: Leather armour    |     7 |       ||     7
       Scale mail        |     9 |    64 ||    73
Dodge: Dodged            |    34 |   105 ||   139
